 Dungeon Crawl Stone Soup version 0.32-a0-599-gba8f9cf90e (webtiles) character file.

Game seed: 14503858510896898485

4 runemasterragnar the Charlatan (level 1, 0/15 HPs)
             Began as a Coglin Artificer on Mar 2, 2024.
             Slain by a jackal (2 damage)
             ... on level 1 of the Dungeon.
             The game lasted 00:00:38 (58 turns).

runemasterragnar the Charlatan (Coglin Artificer)     Turns: 58, Time: 00:00:38

Health: 0/15       AC:  3    Str: 12    XL:     1   Next: 70%
Magic:  1/1        EV: 11    Int: 10    God:
Gold:   0          SH:  0    Dex: 14    Spells: 0/0 levels left

rFire   . . .        a - +0 club {Kyoko}
rCold   . . .        f - +0 dagger {Zihan}
rNeg    . . .        b - +0 leather armour
rPois   .            (no helmet)
rElec   .            (no cloak)
rCorr   .            (no gloves)
SInv    .            (no boots)
Will    .....        (amulet unavailable)
Stlth   +            (ring unavailable)
HPRegen 0.22/turn    (ring unavailable)
MPRegen 0.07/turn    (no gizmo)

%: no passive effects
@: revved
A: off-hand wielding, slow wielding, warmup strikes, no jewellery
a: Invent Gizmo


You were on level 1 of the Dungeon.
You visited 1 branch of the dungeon, and saw 1 of its levels.

Inventory:

Hand Weapons
 a - a +0 club (weapon) {Kyoko}
 f - a +0 dagger (offhand) {Zihan}
Armour
 b - a +0 leather armour (worn)
Wands
 c - a wand of flame (15) (quivered)
 d - a wand of charming (15)
 e - a wand of iceblast (5)


   Skills:
 * Level 1.4 Fighting
 - Level 1.7 Armour
 - Level 0.8 Dodging
 - Level 0.7 Stealth
 + Level 4.1 Evocations


You couldn't memorise any spells.
You didn't know any spells.
Your spell library was empty.

Dungeon Overview and Level Annotations

Branches:
Dungeon (1/15)

Altars:


Innate Abilities, Weirdness & Mutations

You can wield a second weapon in your off-hand.
It takes a long time for you to wield or remove held weapons.
Your first few attacks do less damage.
You cannot equip rings or amulets.


Message History

The jackal is almost dead.
You closely miss the jackal with your +0 club.
The jackal bites you. x2
* * * LOW HITPOINT WARNING * * *
You barely miss the jackal with your +0 club.
The jackal is almost dead.
You closely miss the jackal with your +0 dagger.
The jackal barely misses you.
You barely miss the jackal with your +0 dagger.
The jackal is almost dead.
You hit the jackal with your +0 club.
You kill the jackal!
The jackal closely misses you.
You barely miss the jackal with your +0 club.
You hit the jackal with your +0 dagger. The jackal closely misses you. x2
You hit the jackal but do no damage.
The jackal is lightly wounded.
You hit the jackal with your +0 club. The jackal bites you.
* * * LOW HITPOINT WARNING * * *
You barely miss the jackal with your +0 dagger.
The jackal is moderately wounded.
You barely miss the jackal with your +0 club.
The jackal bites you but does no damage.
The jackal bites you.
* * * LOW HITPOINT WARNING * * *
You closely miss the jackal with your +0 dagger.
The jackal is moderately wounded.
You hit the jackal but do no damage. The jackal bites you.
* * * LOW HITPOINT WARNING * * *
You hit the jackal with your +0 dagger.
You kill the jackal!
You closely miss the jackal with your +0 dagger.
You hit the jackal but do no damage. The jackal closely misses you.
The jackal bites you but does no damage.
You closely miss the jackal with your +0 club.
You hit the jackal but do no damage. The jackal closely misses you.
You hit the jackal with your +0 club.
The jackal is severely wounded.
You hit the jackal with your +0 dagger. The jackal bites you.
You die...

# # ##########.# #
#.Kh@......#
#############.##########
)............h..>[...
#############h##.####
....# ... .# ###.# ..K..
# # #...... # ###.##.#
#.# .#


You could see a jackal and a kobold.

Vanquished Creatures
  3 jackals (D:1)
  A kobold (D:1)
4 creatures vanquished.

Notes
Turn   | Place    | Note
-------+----------+-------------------------------------------
     0 | D:1      | runemasterragnar the Coglin Artificer began the quest for
                  | the Orb.
     0 | D:1      | Reached XP level 1. HP: 15/15 MP: 1/1
    58 | D:1      | Slain by a jackal

Illustrated notes

Levels and vault maps discovered:
D:1:      amcnicky_arrival_choice, layout_basic

Action                     || total
---------------------------++-------
  Melee: Dagger            ||    20
         Club              ||    18
 Armour: Leather armour    ||    17
  Dodge: Dodged            ||    14

Table legend: (Time is in decaauts)
 A = Elapsed time spent in this place.
 B = Non-inter-level travel time spent in this place.
 C = Inter-level travel time spent in this place.
 D = Time resting spent in this place.
 E = Time spent auto-exploring this place.
 F = Levels seen in this place.
 G = Mean time per level.
                   A        B        C        D        E       F      G
               +--------+--------+--------+--------+--------+-----+--------+
         Total |     60 |     60 |      0 |      0 |     27 |   1 |   60.0 |
       Dungeon |     60 |     60 |      0 |      0 |     27 |   1 |   60.0 |
               +--------+--------+--------+--------+--------+-----+--------+

Top non-repeatable levels by time:
     D:1: 60 daAuts
